 Dungeon Crawl Stone Soup version 0.20.0-15-g7f486f2 (webtiles) character file.

23457 greprep the Carver (level 12, -1/107 HPs)
             Began as a Minotaur Fighter on June 11, 2017.
             Was a Believer of Ashenzari.
             Slain by a green ugly thing (2 damage)
             ... on level 13 of the Dungeon.
             The game lasted 00:33:21 (14388 turns).

greprep the Carver (Minotaur Fighter)              Turns: 14388, Time: 00:33:22

Health: -1/107     AC: 28    Str: 22    XL:     12   Next: 72%
Magic:  11/11      EV:  2    Int:  5    God:    Ashenzari [**....]
Gold:   673        SH:  0    Dex: 14    Spells: 11/11 levels left

rFire    . . .     SeeInvis .   e - +3 long sword (elec) (curse)
rCold    . . .     Gourm    .   m - +2 buckler {AC+3} (curse)
rNeg     + + +     Faith    .   w - +9 plate armour {ponderous} (curse)
rPois    ∞         Spirit   .   (helmet restricted)
rElec    .         Reflect  .   (no cloak)
rCorr    .         Harm     .   P - +0 pair of gloves (curse)
MR       .....                  (no boots)
Stlth    ..........             (no amulet)
Regen    0.3/turn               N - ring of poison resistance
MPRegen  0.2/turn               (no ring)

@: petrified, studying Dodging, slow
A: retaliatory headbutt, horns 2
a: Curse Item, Scrying, Renounce Religion


You were on level 13 of the Dungeon.
You worshipped Ashenzari.
Ashenzari was pleased with you.
You were very hungry.

You visited 2 branches of the dungeon, and saw 14 of its levels.

You collected 835 gold pieces.
You spent 162 gold pieces at shops.

Inventory:

Hand Weapons
 e - a cursed +3 long sword of electrocution (weapon)
 I - the +11 hunting sling of Qusyxo {venom, rC+}
   (You found it on level 7 of the Dungeon)

   It poisons the ammo it fires.
   It protects you from cold.
Missiles
 V - 56 stones (quivered)
Armour
 k - a +2 chain mail of positive energy
 m - a cursed +2 buckler of protection (worn)
 w - a cursed +9 plate armour of ponderousness (worn)
 P - a cursed +0 pair of gloves (worn)
Jewellery
 N - a ring of poison resistance (left hand)
Wands
 c - a wand of lightning (7/15)
 d - a wand of iceblast (10/15)
 q - a wand of paralysis (17/24)
 t - a wand of lightning (8/15)
 B - a wand of scattershot (3/9)
 J - a wand of confusion (32/48)
 L - a wand of disintegration (14/24)
 O - a wand of polymorph (6/24)
 Q - a wand of flame (12/48)
 R - a wand of random effects (32/48)
 S - a wand of polymorph (9/24)
 U - a wand of confusion (18/48)
 Y - a wand of acid (11/15)
Scrolls
 h - 3 scrolls of blinking
 i - 4 scrolls of fog
 j - 2 scrolls of recharging
 y - 3 scrolls of teleportation
 z - 2 scrolls of noise {unknown}
 C - 2 scrolls of fear {unknown}
 H - a scroll of torment {unknown}
 T - 2 scrolls of enchant armour {unknown}
Potions
 a - 2 potions of might
 l - 2 potions of resistance
 p - 4 potions of flight
 r - 2 potions of heal wounds {unknown}
 u - 3 potions of brilliance
 v - a potion of magic {unknown}
 x - 8 potions of curing
 A - 4 potions of agility
 E - 2 potions of degeneration {unknown}
 F - 5 potions of lignification {unknown}
 G - 2 potions of mutation {unknown}
 K - 2 potions of ambrosia {unknown}
Books
 W - a manual of Dodging
Comestibles
 b - 12 meat rations
 f - 10 bread rations
 o - 4 royal jellies
 X - 4 fruits


   Skills:
 + Level 10.5 Fighting
 + Level 14.4(16.3) Long Blades
 * Level 11.8 Armour
 * Level 6.6 Dodging
 + Level 13.6(14.8) Shields


You had 11 spell levels left.
You didn't know any spells.

Dungeon Overview and Level Annotations

Branches:
Dungeon (13/15)            Temple (1/1) D:6            Lair (0/6) D:9
    Orc (0/2) D:12
 Vaults: D:13-14

Altars:
Ashenzari
Cheibriados
Dithmenos
Elyvilon
Fedhas
Gozag
Hepliaklqana
Kikubaaqudgha
Makhleb
Nemelex Xobeh
Okawaru
Qazlal
Ru
Sif Muna
Trog
Uskayaw
Vehumet
Xom
Yredelemnul
Zin
The Shining One

Shops:
D:7 ?   D:8 :   D:10 (   D:11 (

Annotations:
D:5 exclusion: statue


Innate Abilities, Weirdness & Mutations

You reflexively headbutt those who attack you in melee.
You have a pair of horns on your head.


Message History

The eight-headed hydra bites you but does no damage.
The eight-headed hydra bites you.
* * * LOW HITPOINT WARNING * * *
The eight-headed hydra bites you but does no damage.
The eight-headed hydra completely misses you.
The eight-headed hydra bites you but does no damage. x2
The green ugly thing trunk-slaps you but does no damage.
The basilisk bites you.
* * * LOW HITPOINT WARNING * * *
The eight-headed hydra bites you but does no damage. x3
The eight-headed hydra bites you.
The eight-headed hydra bites you but does no damage. x2
The eight-headed hydra bites you.
* * * LOW HITPOINT WARNING * * *
The eight-headed hydra bites you but does no damage.
The green ugly thing trunk-slaps you but does no damage.
The basilisk bites you but does no damage.
The eight-headed hydra bites you but does no damage. x8
The green ugly thing trunk-slaps you.
You die...

#..*
#.#################.# ...
####.t...............#.##
,#.#
#........#######.###.....
* #.##.######.#
#...).##...# , #.#t# #.#
#.#.#./#.... * #{.# #.#
#.#..#.#.... * ##.# #(#
#,##. .####. * *
#.#######.#####..*##
.{,## #.#.....tu@l......,
, # #
,#.##.#####D######..,, ,
*,# #.....# #.# * #######
#.# * ** #.# ,, #.# * #.#
#.# * #.. ,


You could see an eight-headed hydra, a green ugly thing, a basilisk and a
crocodile.

Vanquished Creatures
  Josephine (D:12)
  A hydra (D:13)
  Fannar (D:11)
  3 naga warriors (D:12)
  A death knight (D:11)
  A two-headed ogre (D:12)
  A tengu warrior (D:13)
  A skeletal warrior (D:11)
  The ghost of ThereIsNoGod the Basher, a novice GrFi of Okawaru (D:9)
  An unseen horror (D:12)
  A phantasmal warrior (D:11)
  5 cyclopes
  2 manticores
  An ugly thing (D:11)
  3 centaur skeletons
  A tengu conjurer (D:13)
  A troll (D:12)
  Grinder (D:3)
  2 hippogriffs
  4 slime creatures
  A wyvern (D:10)
  5 wraiths
  A hungry ghost (D:9)
  2 vampire mosquitoes (D:12)
  An acid dragon (D:11)
  3 water moccasins
  5 ice beasts
  6 orc warriors
  4 phantoms
  2 sky beasts
  6 ogres
  7 centaurs
  2 necrophages
  An eye of draining (D:12)
  A crocodile (D:12)
  2 big kobolds
  10 bullfrogs
  A gnoll sergeant (D:10)
  2 scorpions (D:11)
  A wyvern skeleton (D:12)
  11 killer bees
  4 electric eels (D:11)
  4 howler monkeys
  12 wights
  7 crimson imps
  2 quasits
  A jelly (D:11)
  10 orc priests
  3 bullfrog skeletons
  4 centaur zombies
  2 hounds
  15 orc wizards
  2 iguanas
  10 worker ants
  A hound zombie (D:10)
  A hound skeleton (D:10)
  A worker ant zombie (D:6)
  21 gnolls
  12 adders
  2 shadow imps
  An ooze (D:3)
  An adder skeleton (D:4)
  A dart slug (D:3)
  3 worms
  5 leopard geckos
  43 orcs
  A ball python (D:3)
  5 giant cockroaches
  9 goblins
  6 hobgoblins
  9 jackals
  3 quokkas
  4 bats
  2 frilled lizards
  15 kobolds
  A quokka skeleton (D:5)
  12 rats
342 creatures vanquished.

Vanquished Creatures (others)
  An orc (D:11)
  A kobold (D:11)
  6 plants (D:11)
8 creatures vanquished.

Grand Total: 350 creatures vanquished

Notes
Turn   | Place    | Note
-------+----------+-------------------------------------------
     0 | D:1      | greprep the Minotaur Fighter began the quest for the Orb.
     0 | D:1      | Reached XP level 1. HP: 19/19 MP: 0/0
   217 | D:1      | Reached XP level 2. HP: 26/27 MP: 1/1
   722 | D:2      | Found a faded altar of an unknown god.
   729 | D:2      | Found a burning altar of Makhleb.
   767 | D:2      | Reached XP level 3. HP: 33/33 MP: 2/2
   882 | D:2      | Reached skill level 3 in Long Blades
   906 | D:2      | Reached XP level 4. HP: 22/40 MP: 3/3
  1491 | D:3      | Reached skill level 4 in Long Blades
  1523 | D:3      | Reached XP level 5. HP: 46/46 MP: 4/4
  1529 | D:3      | Reached skill level 5 in Shields
  1629 | D:3      | Noticed Grinder
  1640 | D:3      | Killed Grinder
  1640 | D:3      | Reached skill level 5 in Long Blades
  1640 | D:3      | Reached XP level 6. HP: 34/53 MP: 5/5
  2166 | D:4      | Reached skill level 5 in Armour
  2166 | D:4      | Reached skill level 1 in Dodging
  2301 | D:4      | Reached skill level 6 in Long Blades
  2323 | D:4      | Reached XP level 7. HP: 51/60 MP: 6/6
  3087 | D:4      | Found a shadowy altar of Dithmenos.
  3486 | D:5      | Entered Level 5 of the Dungeon
  3499 | D:5      | Reached skill level 5 in Fighting
  3505 | D:5      | Reached skill level 7 in Long Blades
  3729 | D:5      | Found a radiant altar of Vehumet.
  4315 | D:5      | Found a glowing silver altar of Zin.
  4318 | D:5      | Found a bloodstained altar of Trog.
  4321 | D:5      | Found a deep blue altar of Sif Muna.
  4612 | D:6      | Reached XP level 8. HP: 67/68 MP: 7/7
  4936 | D:6      | Found a staircase to the Ecumenical Temple.
  5009 | Temple   | Entered the Ecumenical Temple
  5029 | Temple   | Became a worshipper of Ashenzari the Shackled
  5553 | D:6      | Reached skill level 8 in Long Blades
  5796 | D:7      | Found Juubis's Magic Scroll Emporium.
  5855 | D:7      | Bought a scroll of enchant weapon for 97 gold pieces
  5855 | D:7      | Bought a scroll of identify for 26 gold pieces
  5855 | D:7      | Bought a scroll of remove curse for 39 gold pieces
  5974 | D:7      | Got the hunting sling of Qusyxo {venom, rC+}
  6116 | D:7      | Reached skill level 9 in Long Blades
  6178 | D:7      | Noticed a hippogriff
  6182 | D:7      | Killed a hippogriff
  6182 | D:7      | Reached XP level 9. HP: 73/78 MP: 8/8
  6647 | D:8      | Found Ekual's Book Shop.
  6763 | D:8      | Found a glowing golden altar of the Shining One.
  7130 | D:8      | Found a sacrificial altar of Ru.
  7465 | D:9      | Found a staircase to the Lair.
  7495 | D:9      | Reached skill level 10 in Long Blades
  7552 | D:9      | Reached * piety under Ashenzari
  7851 | D:9      | Noticed ThereIsNoGod's ghost (novice GrFi)
  7885 | D:9      | Killed ThereIsNoGod's ghost
  7885 | D:9      | Reached skill level 11 in Long Blades
  7885 | D:9      | Reached XP level 10. HP: 77/86 MP: 9/9
  8187 | D:9      | Reached skill level 10 in Shields
  8257 | D:10     | Entered Level 10 of the Dungeon
  8280 | D:10     | Found a shimmering altar of Xom.
  8326 | D:10     | Found Jodiluut's Weapon Emporium.
  8482 | D:10     | Noticed a cyclops
  8492 | D:10     | Killed a cyclops
  8557 | D:10     | Found a stormy altar of Qazlal.
  9365 | D:11     | Reached skill level 12 in Long Blades
 10094 | D:11     | Reached XP level 11. HP: 68/95 MP: 10/10
 10193 | D:11     | Noticed Fannar
 10496 | D:11     | Reached ** piety under Ashenzari
 10606 | D:11     | Noticed a red ugly thing
 10617 | D:11     | Killed a red ugly thing
 10679 | D:11     | Killed Fannar
 11365 | D:11     | Found Odeim's Antique Weapon Emporium.
 11542 | D:11     | Noticed a phantasmal warrior
 11542 | D:11     | Noticed a skeletal warrior
 11553 | D:11     | Killed a phantasmal warrior
 11553 | D:11     | Reached skill level 13 in Long Blades
 11569 | D:11     | Killed a skeletal warrior
 11570 | D:11     | Noticed a death knight
 11582 | D:11     | Reached skill level 10 in Armour
 11598 | D:11     | Killed a death knight
 12065 | D:12     | Noticed a two-headed ogre
 12079 | D:12     | Killed a two-headed ogre
 12322 | D:12     | Noticed Frances
 12604 | D:12     | Reached XP level 12. HP: 87/106 MP: 11/11
 12701 | D:12     | Noticed a naga warrior
 12702 | D:12     | Found a large runed door.
 12703 | D:12     | Found a large runed door.
 12709 | D:12     | Noticed Josephine
 12718 | D:12     | Killed Josephine
 13172 | D:11     | Reached skill level 10 in Fighting
 13223 | D:12     | Reached skill level 14 in Long Blades
 13575 | D:12     | Found a staircase to the Orcish Mines.
 13682 | D:12     | Noticed a naga warrior
 13726 | D:12     | Noticed a naga warrior
 13729 | D:12     | Found an iron altar of Okawaru.
 13729 | D:12     | Found an iron altar of Okawaru.
 13748 | D:12     | Reached skill level 5 in Dodging
 13753 | D:12     | Killed a naga warrior
 13766 | D:12     | Killed a naga warrior
 13780 | D:12     | Killed a naga warrior
 13962 | D:13     | Noticed a tengu warrior
 13967 | D:13     | Killed a tengu warrior
 14009 | D:13     | Identified the +11 hunting sling of Qusyxo {venom, rC+} (You found it on level 7 of the Dungeon)
 14030 | D:13     | Noticed a five-headed hydra
 14043 | D:13     | Killed an 11-headed hydra
 14347 | D:13     | Noticed a five-headed hydra
 14386 | D:13     | HP: 4/107 [basilisk (3)]
 14386 | D:13     | HP: 1/107 [eight-headed hydra (3)]
 14388 | D:13     | Slain by a green ugly thing

Skill      XL: |  1  2  3  4  5  6  7  8  9 10 11 12 |
---------------+-------------------------------------+-----
Fighting       | 4 5 6 7 8 9 10 | 10.5
Shields        | 4 5 6 7 9 11 12 13 | 13.6
Long Blades    | 3 4 5 6 7 9 11 12 13 14 | 14.4
Armour         | 4 5 6 8 9 10 11 | 11.8
Dodging        | 1 2 3 6 |  6.6

Action                   |  1- 3 |  4- 6 |  7- 9 | 10-12 || total
-------------------------+-------+-------+-------+-------++-------
Melee: Long sword        |    99 |   100 |   396 |   629 ||  1224
       Headbutt          |    12 |    18 |    87 |   142 ||   259
Invok: Curse Item        |       |       |       |     4 ||     4
  Use: Scroll            |       |       |     8 |    11 ||    19
       Potion            |       |       |     1 |     7 ||     8
  Eat: Chunk             |       |     5 |    19 |    13 ||    37
       Fruit             |       |       |     1 |     2 ||     3
       Royal jelly       |       |       |       |     1 ||     1
       Meat ration       |       |       |       |     1 ||     1
Armor: Plate armour      |    72 |    23 |   162 |   304 ||   561
       Ring mail         |       |    14 |    14 |       ||    28
Dodge: Dodged            |    13 |    23 |    86 |   127 ||   249
Block: Shield            |    39 |    44 |   235 |   358 ||   676
       Buckler           |       |       |       |    25 ||    25
       Rpst.: Long sword |     2 |     6 |    18 |    29 ||    55
